 Dungeon Crawl Stone Soup version 0.30-a0-610-gb513c0a51f (webtiles) character file.

Game seed: 9587130029234472595

819 BaabKaare the Firebug (level 8, -24/54 HPs)
             Began as a Human Fire Elementalist on Jan 8, 2023.
             Killed by an exploding scorpion (46 damage)
             ... ignited by their inner flame
             ... on level 5 of the Dungeon.
             The game lasted 00:32:49 (7848 turns).

BaabKaare the Firebug (Human Fire Elementalist)     Turns: 7848, Time: 00:32:50

Health: -24/54     AC:  6    Str:  8    XL:     8   Next: 16%
Magic:  1/15       EV: 13    Int: 17    God:
Gold:   232        SH:  0    Dex: 15    Spells: 4/16 levels left

rFire   . . .      SeeInvis .    c - +0 short sword
rCold   . . .      Faith    .    (no shield)
rNeg    . . .      Spirit   .    a - +0 robe
rPois   .          Reflect  .    u - +0 helmet
rElec   .          Harm     .    (no cloak)
rCorr   .          Rampage  .    (no gloves)
Will    .....                    m - +2 pair of boots
Stlth   ++                       (no amulet)
HPRegen 0.29/turn                (no ring)
MPRegen 0.14/turn                (no ring)

@: no status effects
A: no striking features
a: no special abilities


You were on level 5 of the Dungeon.
You visited 1 branch of the dungeon, and saw 6 of its levels.

You collected 232 gold pieces.

Inventory:

Hand Weapons
 c - a +0 short sword (weapon)
 j - a +2 antimagic scythe
Armour
 a - a +0 robe (worn)
 m - a +2 pair of boots (worn)
 u - a +0 helmet (worn)
Scrolls
 b - a scroll of enchant weapon {unknown}
 f - 2 scrolls of amnesia {unknown}
 g - 2 scrolls of identify {unknown}
 i - a scroll of summoning {unknown}
 k - 3 scrolls of teleportation {unknown}
 n - 2 scrolls of vulnerability {unknown}
 q - a scroll of blinking {unknown}
 r - 3 scrolls of magic mapping {unknown}
 s - a scroll of fog {unknown}
 v - a scroll of poison {unknown}
 w - a scroll of enchant armour {unknown}
Potions
 d - 2 potions of might
 e - a potion of attraction
 h - 2 potions of curing
 l - a potion of invisibility {unknown}
 o - a potion of heal wounds {unknown}
 p - a potion of resistance {unknown}
 t - a potion of berserk rage


   Skills:
 + Level 1.3 Fighting
 + Level 1.9 Short Blades
 + Level 3.4 Dodging
 + Level 3.3 Stealth
 + Level 4.8 Spellcasting
 + Level 1.7 Conjurations
 + Level 5.7 Fire Magic


You had 4 spell levels left.
You knew the following spells:

 Your Spells              Type           Power      Damage    Failure   Level
a - Foxfire               Conj/Fire      64%        2x1d7     3%          1
b - Scorch                Fire           46%        2d7       1%          2
c - Hailstorm             Conj/Ice       7%         3d4       30%         3
d - Inner Flame           Hex/Fire       14%        N/A       13%         3
e - Kindle Blastsparks    Fire/Tloc/Air  20%        2d11      21%         3

Your spell library contained the following spells:

 Spells                   Type           Power      Damage    Failure   Level
 Flame Wave               Conj/Fire      16%        2d7       30%         4
 Gell's Gravitas          Tloc           4%         N/A       41%         3
 Lesser Beckoning         Tloc           8%         N/A       41%         3
 Teleport Other           Tloc           4%         N/A       41%         3
 Ice Form                 Ice/Tmut       4%         N/A       82%         4
 Simulacrum               Ice/Necr       2%         N/A       100%        6


Dungeon Overview and Level Annotations

Branches:
Dungeon (6/15)
 Temple: D:4-7

Altars:
Dithmenos
Gozag
Trog
Uskayaw
The Shining One

Shops:
D:5 ?


Message History

Confirm with . or Enter, or press ? or * to list all spells.
Casting: Hailstorm (dangerous; 30% risk of failure)
Press: ? - help, Dir - look around, f - activate
Okay, then.
Casting: Hailstorm (dangerous; 30% risk of failure)
Confirm with . or Enter, or press ? or * to list all spells.
Aiming: Inner Flame (dangerous; 13% risk of failure)
Press: ? - help, Dir - move target, f - scorpion
Aim: a scorpion (lightly wounded, chance to affect: 67%)
The scorpion is filled with an inner flame.
The gnoll hits you but does no damage. The scorpion stings you.
Casting: Inner Flame (dangerous; 13% risk of failure)
Confirm with . or Enter, or press ? or * to list all spells.
A cloud of volatile blastsparks flares up around you!
The gnoll hits you with a +0 club. The scorpion barely misses you.
The gnoll attacks as you move away! The gnoll barely misses you.
The cloud of blastsparks explodes!
The concussive blast engulfs the scorpion.
Flame seeps out of the scorpion.
The scorpion is heavily wounded.
The concussive blast engulfs the gnoll.
The gnoll is severely wounded.
The concussive blast engulfs you!
The concussive blast engulfs the gnoll!
The gnoll is heavily wounded.
The gnoll is knocked back by the blast. x2; You are knocked back by the blast.
The scorpion is engulfed in blazing flames.
Flame seeps out of the scorpion.
The jelly is engulfed in blazing flames.
Casting: Kindle Blastsparks (dangerous; 21% risk of failure)
Confirm with . or Enter, or press ? or * to list all spells.
You don't know that spell.
Unknown command.
There are monsters nearby!
You hit the scorpion.
Flame seeps out of the scorpion.
The scorpion is severely wounded.
The scorpion is engulfed in blazing flames.
The scorpion explodes!
The fiery explosion engulfs you!!!
Ouch! That really hurt!
You die...

####### #8...8# #.....###
# #####..<...8#### ...
...............##..#
.....8.).∩...8.......
....................#
######.8@§.>.........
#..○........... #.
###J8...8...... #...
#..÷.....#### #...
##gg###..# #...#
######..##..##
##...######.#...g......#
##............g.........#
...#.........#..........#


You could see a jelly and 3 gnolls.

Vanquished Creatures
  Sigmund (D:3)
  Menkaure (D:4)
  A water moccasin (D:6)
  An ogre (D:5)
  A scorpion (D:5)
  3 orc priests (D:4)
  An iguana (D:5)
  An orc wizard (D:3)
  Robin (D:3)
  4 gnolls (D:5)
  5 adders
  A white imp (D:6)
  A worm (D:2)
  3 dart slugs
  10 orcs
  9 endoplasms
  13 goblins
  11 hobgoblins
  9 jackals
  6 kobolds
  3 quokkas
  6 ball pythons
  7 bats
  2 frilled lizards
  A goblin skeleton (D:3)
  A goblin zombie (D:3)
  3 hobgoblin zombies (D:3)
  An orc skeleton (D:3)
  2 orc zombies (D:3)
  3 rats
112 creatures vanquished.

Vanquished Creatures (others)
  A demonic plant (D:1)
  106 foxfires
107 creatures vanquished.

Grand Total: 219 creatures vanquished

Notes
Turn   | Place    | Note
-------+----------+-------------------------------------------
     0 | D:1      | BaabKaare the Human Fire Elementalist began the quest for
                  | the Orb.
     0 | D:1      | Reached XP level 1. HP: 13/13 MP: 3/3
   501 | D:1      | Reached XP level 2. HP: 19/19 MP: 0/5
  1474 | D:1      | Learned a level 2 spell: Scorch
  1617 | D:1      | Reached XP level 3. HP: 17/24 MP: 4/6
  1652 | D:1      | Found a faded altar of an unknown god.
  2740 | D:3      | Reached XP level 4. HP: 30/30 MP: 5/7
  4329 | D:3      | Found a glowing golden altar of the Shining One.
  5290 | D:3      | Noticed Sigmund
  5298 | D:3      | Found a hide-covered altar of Uskayaw.
  5315 | D:3      | Killed Sigmund
  5316 | D:3      | Reached skill level 4 in Fire Magic
  5316 | D:3      | Reached XP level 5. HP: 16/36 MP: 7/9
  5316 | D:3      | Reached XP level 6. HP: 19/42 MP: 7/10
  5672 | D:3      | Noticed Robin
  5677 | D:3      | Reached skill level 1 in Short Blades
  5815 | D:3      | Killed Robin
  6111 | D:3      | Learned a level 3 spell: Hailstorm
  6860 | D:4      | Found a bloodstained altar of Trog.
  6862 | D:4      | Found an opulent altar of Gozag.
  6926 | D:4      | Found a shadowy altar of Dithmenos.
  6989 | D:4      | Noticed Menkaure
  7001 | D:4      | Killed Menkaure
  7002 | D:4      | Reached skill level 1 in Fighting
  7002 | D:4      | Reached skill level 5 in Fire Magic
  7002 | D:4      | Reached XP level 7. HP: 41/48 MP: 3/12
  7318 | D:4      | Learned a level 3 spell: Inner Flame
  7393 | D:5      | Entered Level 5 of the Dungeon
  7393 | D:5      | Found Urghicor's Magic Scroll Shop.
  7410 | D:6      | Noticed a water moccasin
  7416 | D:6      | Killed a water moccasin
  7694 | D:5      | Reached XP level 8. HP: 54/54 MP: 3/15
  7786 | D:5      | Learned a level 3 spell: Kindle Blastsparks
  7848 | D:5      | Killed by an exploding scorpion... ignited by their inner
                  | flame

Illustrated notes

Levels and vault maps discovered:
D:1:      minmay_arrival_five_plusses, layout_basic,
          shapermc_ecumenical_altar_gd
D:2:      layout_loops_ring, minmay_misc_feat_diagonals
D:3:      layout_rooms, nicolae_uskayaw_murder_on_the_dancefloor,
          nicolae_tso_besieged_by_evil, roderic_roman_lattice, uniq_robin,
          uniq_sigmund
D:4:      layout_cave_pods, mainiacjoe_overflow_alcove_1,
          general_overflow_altar, nicolae_overflow_hidden_temple, st_stairs_10,
          chequers_serial_rivers_room_a, skrybe_limestone_x, minmay_between,
          uniq_menkaure
D:5:      layout_rooms, serial_shops, nicolae_stop_n_shop_1,
          serial_co_window_serial, co_window_cross_1, co_window_corner_a,
          co_window_paths_a, co_window_paths_a, co_window_cross_1,
          co_window_corner_b, co_window_corner_b, co_window_2corner,
          co_window_cross_3, co_window_of_opportunity_b, glass_columns_b,
          glass_columns_b, glass_columns_a, glass_columns_a,
          nicolae_alphabet_shops, chequers_serial_rivers_micro_d, uniq_ijyb
D:6:      minmay_opposing_rooms, layout_loops_ring, lemuel_doored_altar,
          nicolae_wu_jian_glorious_leap

Skill      XL: |  1  2  3  4  5  6  7 |
---------------+----------------------+-----
Stealth        | 3 |  3.3
Spellcasting   | 3 4 |  4.8
Fire Magic     | 4 5 |  5.7
Short Blades   | 1 |  1.9
Dodging        | 3 |  3.4
Fighting       | 1 |  1.3
Conjurations   | |  1.7

Action                   |  1- 3 |  4- 6 |  7- 9 || total
-------------------------+-------+-------+-------++-------
Melee: Short sword       |     8 |   282 |    39 ||   329
       Punch             |       |     3 |       ||     3
 Cast: Foxfire           |    48 |    11 |     7 ||    66
       Scorch            |       |    59 |    32 ||    91
       Inner Flame       |       |       |     3 ||     3
       Kindle Blastspark |       |       |     2 ||     2
  Use: Potion            |       |     4 |       ||     4
Armor: Robe              |     4 |    96 |    22 ||   122
Dodge: Dodged            |    28 |   155 |    29 ||   212

Table legend: (Time is in decaauts)
 A = Elapsed time spent in this place.
 B = Non-inter-level travel time spent in this place.
 C = Inter-level travel time spent in this place.
 D = Time resting spent in this place.
 E = Time spent auto-exploring this place.
 F = Levels seen in this place.
 G = Mean time per level.
                   A        B        C        D        E       F      G
               +--------+--------+--------+--------+--------+-----+--------+
         Total |   7850 |   7785 |     65 |   3793 |   1156 |   6 | 1308.3 |
       Dungeon |   7850 |   7785 |     65 |   3793 |   1156 |   6 | 1308.3 |
               +--------+--------+--------+--------+--------+-----+--------+

Top non-repeatable levels by time:
     D:3: 2409 daAuts
     D:1: 2305 daAuts
     D:2: 1816 daAuts
     D:4: 934 daAuts
     D:5: 215 daAuts
     D:6: 168 daAuts
